 Dungeon Crawl Stone Soup version 0.21-a0-442-g848f44b (webtiles) character file.

69153 Fisto the Bludgeoner (level 14, -29/129 HPs)
             Began as a Minotaur Fighter on Nov 13, 2017.
             Was a High Priest of Makhleb.
             Killed from afar by a fire giant (43 damage)
             ... with a bolt of fire
             ... on level 15 of the Dungeon.
             The game lasted 02:50:01 (19423 turns).

Fisto the Bludgeoner (Minotaur Fighter)            Turns: 19423, Time: 02:50:01

Health: -29/129    AC: 34    Str: 25    XL:     14   Next: 89%
Magic:  14/14      EV:  6    Int:  5    God:    Makhleb [*****.]
Gold:   1472       SH: 23    Dex: 11    Spells: 13/13 levels left

rFire    . . .     SeeInvis +   x - +1 flail (crush)
rCold    . . .     Gourm    .   K - +1 large shield
rNeg     . . .     Faith    .   e - +10 plate armour {ponderous}
rPois    .         Spirit   .   (helmet restricted)
rElec    .         Reflect  +   N - +1 cloak
rCorr    .         Harm     .   u - +1 pair of gloves
MR       +....                  H - +1 pair of boots
Stlth    ..........             g - +3 amulet of reflection
HPRegen  0.31/turn              M - ring of flight
MPRegen  0.14/turn              a - ring of see invisible

@: about to teleport, hasted, very quick
A: retaliatory headbutt, horns 2
a: Minor Destruction, Lesser Servant of Makhleb, Major Destruction, Greater
Servant of Makhleb, Renounce Religion, Evoke Flight


You were on level 15 of the Dungeon.
You worshipped Makhleb.
Makhleb was extremely pleased with you.
You were not hungry.

You visited 5 branches of the dungeon, and saw 22 of its levels.
You also visited: Ossuary.

You collected 2083 gold pieces.
You spent 611 gold pieces at shops.

Inventory:

Hand Weapons
 c - a +1 bardiche of protection
 n - a +0 rapier of flaming
 v - a +3 great mace of venom
 x - a +1 flail of crushing (weapon)
 y - a +0 blowgun
 E - a +0 great mace of holy wrath
Missiles
 j - 26 tomahawks
 A - 2 throwing nets
 P - 7 silver javelins (quivered)
Armour
 e - a +10 plate armour of ponderousness (worn)
 u - a +1 pair of gloves (worn)
 H - a +1 pair of boots (worn)
 K - a +1 large shield (worn)
 N - a +1 cloak (worn)
Jewellery
 a - a ring of see invisible (right hand)
 g - a +3 amulet of reflection (around neck)
 m - a +5 ring of dexterity
 M - a ring of flight (left hand)
 Q - an uncursed ring of protection from magic
 U - an uncursed amulet of faith
 W - an uncursed amulet of the gourmand
Wands
 s - a wand of iceblast (6/15)
 G - a wand of flame (27/48)
 S - a wand of digging (9/24)
Scrolls
 b - 2 scrolls of immolation
 i - 5 scrolls of magic mapping
 k - 5 scrolls of remove curse
 q - 3 scrolls of teleportation
 F - 3 scrolls of fog
 Y - a scroll of blinking {unknown}
Potions
 d - 2 potions of brilliance
 h - 3 potions of haste
 p - 5 potions of curing
 r - a potion of cancellation
 t - a potion of heal wounds {unknown}
 z - 3 potions of agility
 C - 2 potions of lignification {unknown}
 D - 3 potions of magic {unknown}
 I - 2 potions of flight
 J - a potion of invisibility {unknown}
 L - a potion of might
 T - 2 potions of ambrosia {unknown}
Books
 w - a book of Cantrips

   Spells                             Type                      Level
   a - Confusing Touch                Hexes                        1
   b - Animate Skeleton               Necromancy                   1
   c - Summon Small Mammal            Summoning                    1
   d - Apportation                    Translocation                1
 B - a book of Power

   Spells                             Type                      Level
   a - Iskenderun's Battlesphere      Conjuration/Charms           5
   b - Venom Bolt                     Conjuration/Poison           5
   c - Bolt of Magma                  Conjuration/Fire/Earth       5
   d - Iron Shot                      Conjuration/Earth            6
   e - Orb of Destruction             Conjuration                  7
   f - Spellforged Servitor           Conjuration/Summoning        7
 V - a book of Necromancy

   Spells                             Type                      Level
   a - Pain                           Necromancy                   1
   b - Animate Skeleton               Necromancy                   1
   c - Vampiric Draining              Necromancy                   3
   d - Regeneration                   Charms/Necromancy            3
   e - Animate Dead                   Necromancy                   4
   f - Control Undead                 Necromancy                   4
Miscellaneous
 R - a lightning rod (4/4)
Comestibles
 f - 6 bread rations
 l - 15 royal jellies
 o - 9 meat rations


   Skills:
 + Level 13.6 Fighting
 + Level 4.4 Short Blades
 + Level 18.4 Maces & Flails
 + Level 4.1 Polearms
 + Level 4.9 Throwing
 + Level 14.0 Armour
 + Level 3.1 Dodging
 + Level 12.4 Shields
 + Level 1.7 Invocations
 + Level 2.5 Evocations


You had 13 spell levels left.
You didn't know any spells.

Dungeon Overview and Level Annotations

Branches:
Dungeon (15/15)            Temple (0/1) D:4            Lair (3/6) D:8
    Orc (2/2) D:10            Elf (1/3) Orc:2        Vaults (0/5) D:14
 Depths (1/5) D:15
  Swamp: Lair:2-4    Shoals: Lair:2-4     Snake: Lair:2-4    Spider: Lair:2-4

Altars:
Ashenzari
Cheibriados
Dithmenos
Gozag
Hepliaklqana
Makhleb
Trog
Wu Jian
Yredelemnul
The Shining One
Beogh

Shops:
D:12 %   D:15 }   Orc:2 [*:(

Annotations:
D:9 Nothus's ghost, journeyman TeCj


Innate Abilities, Weirdness & Mutations

You reflexively headbutt those who attack you in melee.
You have a pair of horns on your head.


Message History

The fire giant gestures at you while chanting.
The bolt of fire hits you!
You climb upwards.
Welcome back to the Dungeon!
There is a staircase to the Depths, spattered with blood here.
Things that are here:
26 bolts; an uncursed arbalest
There is an open door, spattered with blood here.
The fire giant casts a spell at you. The bolt of fire hits you!
* * * LOW HITPOINT WARNING * * *
You feel yourself speed up.
The fire giant points at you and mumbles some strange words.
The fireball explodes!
The fireball engulfs you!
* * * LOW HITPOINT WARNING * * *
As you read the scroll of teleportation, it crumbles to dust.
You feel strangely unstable.
You see here an arrow.
The fire giant points at you and mumbles some strange words.
The bolt of fire hits you!
You die...

#########
#('...'.#
#.#)>.#.#
#.#...#.#
#.#####.#
#C≈)..≈(#
#.≈...≈.#
#(≈.≈.≈.#
#@#.#.#.# ###
#≈(.#..≈# ##..
#≈≈..|≈≈# ##...
####(#########....
#(#......##....
#.(.####..#....
###.# ##.#.... #.#
##...... #.#
#.......


You could see a fire giant.

Vanquished Creatures
  An orc warlord (Orc:2)
  2 ettins (D:15)
  The ghost of dforspid the Impaler, a journeyman MfGl of Hepliaklqana (D:12)
  A yaktaur captain (D:15)
  Snorg (Orc:1)
  A deep elf high priest (Elf:1)
  8 vault guards (D:14)
  A hydra (D:14)
  A centaur warrior (D:15)
  9 two-headed ogres
  A dancing weapon (Elf:1)
  2 tengu warriors (D:13)
  An ogre mage (D:15)
  2 orc high priests (Orc:2)
  Sonja (D:10)
  Nergalle (Orc:2)
  The ghost of alcopop the Caller, a novice GnSu of Cheibriados (D:8)
  2 unseen horrors
  Pikel (D:7)
  8 orc knights
  16 ugly things
  3 orc sorcerers
  6 deep elf magi
  2 manticores
  The ghost of Sarpedon the Cudgeler, a novice GrFi (D:6)
  3 cyclopes
  Maurice (Orc:1)
  Joseph (D:7)
  3 spiny frogs
  A gargoyle (D:11)
  2 komodo dragons
  11 slime creatures
  A hornet (D:13)
  9 trolls
  Prince Ribbit (D:9)
  6 hippogriffs
  A meliai zombie (D:13)
  4 blink frogs
  A shadow (D:13)
  A wyvern (D:12)
  4 wraiths
  A water elemental (Elf:1)
  A steam dragon (D:11)
  12 yaks
  A human (D:7)
  A basilisk (D:12)
  4 hogs (D:7)
  Eustachio (D:6)
  3 hungry ghosts
  3 vampire mosquitoes (D:13)
  Edmund (D:5)
  3 wargs
  A soldier ant (D:14)
  An acid dragon (D:11)
  5 water moccasins
  4 porcupines
  2 ice beasts
  36 orc warriors
  4 sky beasts
  3 necrophages
  10 ogres
  2 black bears
  3 phantoms
  A boggart (D:13)
  5 centaurs
  A big kobold (D:12)
  Blork the orc (D:6)
  14 bullfrogs
  A wyvern zombie (D:11)
  2 jellies
  12 scorpions
  5 killer bees (D:11)
  3 wights (D:15)
  2 howler monkeys (D:8)
  4 crimson imps
  2 bullfrog zombies
  3 centaur zombies
  A quasit (D:10)
  2 human zombies (Ossuary)
  23 orc priests
  A gnoll shaman (D:5)
  Crazy Yiuf (D:7)
  10 hounds
  2 bullfrog skeletons
  7 centaur skeletons
  11 worker ants
  6 iguanas
  19 orc wizards
  3 hound zombies
  3 mummies (Ossuary)
  5 gnolls (D:5)
  11 adders
  A howler monkey skeleton (D:10)
  5 scorpion zombies (Ossuary)
  2 shadow imps
  12 white imps (Orc:1)
  3 oozes
  An adder zombie (D:8)
  An adder skeleton (D:5)
  5 leopard geckos
  58 orcs
  2 giant cockroaches
  2 gnoll zombies (Ossuary)
  2 goblins (D:1)
  3 hobgoblins (D:2)
  10 jackals
  15 kobolds
  4 quokkas
  A ball python (D:3)
  A ball python skeleton (D:4)
  4 bats
  6 frilled lizards
  4 goblin zombies
  A hobgoblin zombie (Ossuary)
  2 kobold zombies (Ossuary)
  A quokka zombie (D:5)
  A rat (D:1)
  A fungus (D:7)
535 creatures vanquished.

Vanquished Creatures (collateral kills)
  A deep elf mage (Elf:1)
1 creature vanquished.

Vanquished Creatures (others)
  A yaktaur (D:15)
  3 slaves (D:7)
  A scorpion (Ossuary)
  An adder (D:7)
  A shadow imp (D:7)
  A leopard gecko (D:7)
  5 orcs (D:7)
  A giant cockroach (D:7)
  A fungus (Lair:1)
15 creatures vanquished.

Grand Total: 551 creatures vanquished

Notes
Turn   | Place    | Note
-------+----------+-------------------------------------------
     0 | D:1      | Fisto the Minotaur Fighter began the quest for the Orb.
     0 | D:1      | Reached XP level 1. HP: 19/19 MP: 0/0
   323 | D:1      | Reached XP level 2. HP: 26/27 MP: 1/1
   789 | D:2      | Reached XP level 3. HP: 33/33 MP: 2/2
   817 | D:2      | Found an opulent altar of Gozag.
   818 | D:2      | Found a basalt altar of Yredelemnul.
   820 | D:2      | Found a burning altar of Makhleb.
   840 | D:2      | Became a worshipper of Makhleb the Destroyer
  1552 | D:3      | Found a burning altar of Makhleb.
  1555 | D:3      | Reached skill level 3 in Maces & Flails
  1555 | D:3      | Reached XP level 4. HP: 40/40 MP: 3/3
  1595 | D:3      | Found a shattered altar of Ashenzari.
  1961 | D:4      | Found a shattered altar of Ashenzari.
  1961 | D:4      | Noticed a centaur
  1971 | D:4      | Killed a centaur
  1971 | D:4      | Reached skill level 4 in Maces & Flails
  1971 | D:4      | Reached skill level 5 in Shields
  1971 | D:4      | Reached XP level 5. HP: 34/47 MP: 4/4
  2063 | D:4      | Found a staircase to the Ecumenical Temple.
  2213 | D:4      | Found an ornate altar of the Wu Jian Council.
  2619 | D:5      | Entered Level 5 of the Dungeon
  2706 | D:5      | Noticed an ogre
  2718 | D:5      | Killed an ogre
  2718 | D:5      | Reached XP level 6. HP: 55/55 MP: 5/5
  2792 | D:5      | Noticed a sky beast
  2812 | D:5      | Killed a sky beast
  2812 | D:5      | Reached skill level 5 in Fighting
  2812 | D:5      | Reached skill level 5 in Maces & Flails
  2931 | D:5      | Noticed Edmund
  2953 | D:5      | Killed Edmund
  2953 | D:5      | Reached skill level 5 in Armour
  2953 | D:5      | Reached XP level 7. HP: 59/61 MP: 6/6
  2962 | D:5      | Found a sand-covered staircase.
  2969 | Ossuary  | Entered an ossuary
  3142 | Ossuary  | Reached skill level 6 in Maces & Flails
  3155 | Ossuary  | Reached * piety under Makhleb
  3376 | Ossuary  | Reached skill level 7 in Maces & Flails
  3424 | Ossuary  | Reached XP level 8. HP: 69/69 MP: 7/7
  3478 | Ossuary  | Reached skill level 8 in Maces & Flails
  4147 | D:5      | Reached ** piety under Makhleb
  4739 | D:6      | Noticed Sarpedon's ghost (novice GrFi)
  4860 | D:6      | Reached skill level 9 in Maces & Flails
  4978 | D:6      | Noticed a troll
  5011 | D:6      | Killed a troll
  5011 | D:6      | Reached skill level 1 in Dodging
  5051 | D:6      | Killed Sarpedon's ghost
  5051 | D:6      | Reached XP level 9. HP: 29/77 MP: 8/8
  5527 | D:6      | Noticed Eustachio
  5543 | D:6      | Killed Eustachio
  5558 | D:6      | Noticed Blork the orc
  5575 | D:6      | Killed Blork the orc
  5958 | D:7      | Noticed Pikel
  5971 | D:7      | Killed Pikel
  5971 | D:7      | Reached skill level 10 in Maces & Flails
  6239 | D:7      | Found a glowing golden altar of the Shining One.
  6420 | D:7      | Reached skill level 1 in Short Blades
  6453 | D:7      | Noticed Joseph
  6464 | D:7      | Killed Joseph
  6530 | D:7      | Reached XP level 10. HP: 86/86 MP: 9/9
  6540 | D:7      | Reached *** piety under Makhleb
  6821 | D:7      | Found a runed door.
  6825 | D:7      | Noticed Crazy Yiuf
  6828 | D:7      | Killed Crazy Yiuf
  7053 | D:8      | Noticed a two-headed ogre
  7073 | D:8      | Killed a two-headed ogre
  7079 | D:8      | Noticed alcopop's ghost (novice GnSu)
  7084 | D:8      | Reached skill level 11 in Maces & Flails
  7098 | D:8      | Noticed a two-headed ogre
  7105 | D:8      | Killed alcopop's ghost
  7105 | D:8      | Reached skill level 1 in Throwing
  7105 | D:8      | Reached skill level 10 in Shields
  7151 | D:8      | Killed a two-headed ogre
  7279 | D:8      | Found a staircase to the Lair.
  7451 | D:8      | Found a shadowy altar of Dithmenos.
  7800 | Lair:1   | Entered Level 1 of the Lair of Beasts
  7836 | Lair:1   | Noticed a spiny frog
  7842 | Lair:1   | Killed a spiny frog
  7878 | Lair:1   | Noticed a spiny frog
  7900 | D:8      | Reached XP level 11. HP: 56/95 MP: 10/10
  7900 | D:8      | Reached skill level 12 in Maces & Flails
  8354 | Lair:1   | Reached skill level 10 in Armour
  9235 | Lair:2   | Reached **** piety under Makhleb
  9514 | Lair:3   | Reached skill level 1 in Evocations
 10037 | D:9      | Found a hazy altar of Hepliaklqana.
 10052 | D:9      | Noticed Prince Ribbit
 10075 | D:9      | Killed Prince Ribbit
 10129 | D:9      | Noticed Nothus's ghost (journeyman TeCj)
 10156 | D:10     | Entered Level 10 of the Dungeon
 10176 | D:10     | Noticed Sonja
 10213 | D:10     | Reached skill level 13 in Maces & Flails
 10246 | D:10     | Killed Sonja
 10277 | D:10     | Noticed a two-headed ogre
 10282 | D:10     | Killed a two-headed ogre
 10586 | D:10     | Noticed a two-headed ogre
 10588 | D:10     | Found a staircase to the Orcish Mines.
 10591 | D:10     | Killed a two-headed ogre
 10591 | D:10     | Reached ***** piety under Makhleb
 10591 | D:10     | Reached skill level 10 in Fighting
 10789 | D:10     | Found a roughly hewn altar of Beogh.
 11071 | Orc:1    | Entered Level 1 of the Orcish Mines
 11076 | Orc:1    | Reached XP level 12. HP: 106/106 MP: 11/11
 11139 | Orc:1    | Reached skill level 14 in Maces & Flails
 11518 | Orc:1    | Reached skill level 1 in Polearms
 12141 | Orc:1    | Noticed Snorg
 12170 | Orc:1    | Killed Snorg
 12381 | Orc:2    | Entered Level 2 of the Orcish Mines
 12529 | Orc:2    | Found a staircase to the Elven Halls.
 12552 | Elf:1    | Entered Level 1 of the Elven Halls
 12754 | Orc:2    | Noticed an orc high priest
 12774 | Orc:1    | Noticed Maurice
 12786 | Orc:1    | Killed Maurice
 12922 | Orc:1    | Found a bloodstained altar of Trog.
 13094 | Orc:2    | Killed an orc high priest
 13128 | Orc:2    | Noticed an orc warlord
 13161 | Orc:2    | Killed an orc warlord
 13161 | Orc:2    | Reached skill level 15 in Maces & Flails
 13298 | Orc:2    | Noticed Nergalle
 13316 | Orc:2    | Killed Nergalle
 13316 | Orc:2    | Reached skill level 1 in Invocations
 13349 | Orc:2    | Reached ****** piety under Makhleb
 13349 | Orc:2    | Reached XP level 13. HP: 113/116 MP: 13/13
 13639 | Orc:2    | Found a roughly hewn altar of Beogh.
 13693 | Orc:2    | Found Keemn's Antique Armour Shop.
 13703 | Orc:2    | Found Fuut's Book Shop.
 13714 | Orc:2    | Found Kiphil's General Store.
 13797 | Orc:2    | Found Ledaff's Antique Weapon Shop.
 13821 | Orc:2    | Bought a potion of curing for 36 gold pieces
 13852 | Orc:2    | Found a roughly hewn altar of Beogh.
 14432 | Elf:1    | Noticed a deep elf demonologist
 14452 | Elf:1    | Noticed a Tzitzimitl
 14453 | Elf:1    | Noticed a deep elf annihilator
 14645 | D:11     | Reached skill level 16 in Maces & Flails
 14866 | D:11     | Found a basalt altar of Yredelemnul.
 15118 | D:12     | Noticed dforspid's ghost (journeyman MfGl)
 15127 | D:12     | Killed dforspid's ghost
 15581 | D:12     | Found Oheahol's Food Shoppe.
 15602 | D:12     | Bought a bread ration for 55 gold pieces
 16093 | D:13     | Identified a scroll of acquirement
 16238 | D:13     | Reached skill level 17 in Maces & Flails
 16448 | D:13     | Paralysed by a hornet for 2 turns
 16472 | D:13     | Reached XP level 14. HP: 115/127 MP: 14/14
 17043 | D:14     | Found a gate to the Vaults.
 17468 | D:14     | Reached skill level 18 in Maces & Flails
 17831 | D:15     | Entered Level 15 of the Dungeon
 18290 | D:15     | Found a staircase to the Depths.
 18367 | Depths:1 | Entered Level 1 of the Depths
 18367 | Depths:1 | Found a snail-covered altar of Cheibriados.
 18402 | D:15     | Found Kiuheag's Gadget Emporium.
 18420 | D:15     | Bought a lightning rod (4/4) for 520 gold pieces
 18654 | Depths:1 | Noticed a fire giant
 19423 | D:15     | Killed from afar by a fire giant

Vault maps used:
D:1:      dpeg_arrival_simpleton_a, minmay_tiny_reverse_x
D:2:      grunt_temple_overflow_open
D:3:      old_standard_altar, first_bread, makhleb_blood_cavern_becter
D:4:      kennysheep_mini_moat, minmay_temple_entry_from_below_a,
          grunt_decor_arrowhead, ashenzari_altar_1
D:5:      enter_ossuary_4, uniq_edmund
D:6:      hangedman_cross_stitches, dk_vineyard_2, uniq_blork_the_orc,
          uniq_eustachio
D:7:      basic_altar, grunt_livestock, uniq_crazy_yiuf_cottage, uniq_pikel,
          uniq_joseph
D:8:      old_standard_altar, grunt_ministairs_13
D:9:      old_standard_altar, lemuel_mausoleum_altar_kikubaaqudgha,
          uniq_prince_ribbit1, uniq_erolcha
D:10:     minmay_orc_entry_temple_small, uniq_sonja
D:11:     yredelemnul_altar_generic
D:12:     serial_shops, shop, minmay_misc_feat_diagonals
D:13:     minmay_bent
D:14:     erik_vaults_2, bh_walls_and_bars
D:15:     grunt_enter_depths_snipers, serial_shops, shop,
          hangedman_decor_lopped, lab_entry_generic
Lair:2:   grunt_megastairs_3
Lair:3:   spider_nest_entry_funnel_web
Orc:1:    special_room, portal_ice_cave_entry_imps, bloody_trog, uniq_maurice,
          uniq_snorg
Orc:2:    grunt_orc_cross, basic_altar
Elf:1:    minmay_elf_arrival_plus, serial_shops, bzr_entry_customers, shop,
          minmay_elf_necromancy
Depths:1: grunt_mini_vestibule, grunt_decor_resistance, enter_trove_2,
          grunt_ministairs_3, cheibriados_altar_1
Ossuary:  ossuary_minmay_scorpions

Skill      XL: |  1  2  3  4  5  6  7  8  9 10 11 12 13 14 |
---------------+-------------------------------------------+-----
Fighting       | 4 5 6 7 8 10 11 12 13 | 13.6
Armour         | 4 5 7 8 9 11 12 13 14 | 14.0
Shields        | 4 5 6 7 9 10 12 | 12.4
Maces & Flails | 3 4 5 7 9 10 11 13 15 17 18 | 18.4
Dodging        | 1 2 3 |  3.1
Short Blades   | 2 4 |  4.4
Throwing       | 1 3 4 |  4.9
Evocations     | 1 2 |  2.5
Polearms       | 4 |  4.1
Invocations    | 1 |  1.7

Action                   |  1- 3 |  4- 6 |  7- 9 | 10-12 | 13-15 || total
-------------------------+-------+-------+-------+-------+-------++-------
Melee: Flail             |   114 |    90 |   322 |    92 |   298 ||   916
       Headbutt          |    19 |    17 |    71 |   135 |   171 ||   413
       Rapier            |       |       |    38 |       |       ||    38
       Dire flail        |       |       |       |   441 |       ||   441
       Great mace        |       |       |       |   170 |   464 ||   634
       Bardiche          |       |       |       |    40 |       ||    40
Throw: Throwing net      |       |       |     2 |       |       ||     2
       Tomahawk          |       |       |       |    32 |    20 ||    52
       Javelin           |       |       |       |       |    31 ||    31
Invok: Lesser Servant of |       |       |       |     3 |     2 ||     5
       Minor Destruction |       |       |       |     1 |     2 ||     3
       Major Destruction |       |       |       |     1 |       ||     1
Evoke: Wand              |       |       |       |    17 |    16 ||    33
  Use: Potion            |     1 |     1 |     4 |     7 |     5 ||    18
       Scroll            |       |     5 |     8 |    16 |    17 ||    46
  Eat: Chunk             |     2 |     1 |     2 |    12 |     3 ||    20
       Bread ration      |       |     1 |     2 |     1 |     2 ||     6
       Fruit             |       |       |     1 |     7 |     5 ||    13
       Royal jelly       |       |       |       |     1 |       ||     1
       Meat ration       |       |       |       |       |     2 ||     2
Armor: Plate armour      |    76 |    56 |   201 |   540 |   376 ||  1249
       Acid dragon scale |       |       |       |       |     9 ||     9
Dodge: Dodged            |    20 |    14 |    63 |   248 |   213 ||   558
Block: Shield            |    57 |    43 |   169 |       |       ||   269
       Large shield      |       |       |    10 |    67 |   212 ||   289
       Other             |       |       |       |       |    21 ||    21
       Reflection        |       |       |       |       |     7 ||     7

Table legend:
 A = Spawn XP
 B = Non-spawn XP
 C = Spawn XP percentage of total XP
 D = Spawn monster count
 E = Non-spawn monster count
 F = Spawn count percentage of total count
 G = Total turns spent on level
                    A         B        C        D         E        F      G
               +---------+---------+-------+---------+---------+-------+---------
         Total |       0 |   98791 |   0.0 |       0 |     536 |   0.0 | 19423
               +---------+---------+-------+---------+---------+-------+---------
           D:1 |       0 |      27 |   0.0 |       0 |      15 |   0.0 |   768
           D:2 |       0 |      45 |   0.0 |       0 |      18 |   0.0 |   630
           D:3 |       0 |      47 |   0.0 |       0 |       5 |   0.0 |   507
           D:4 |       0 |     181 |   0.0 |       0 |       7 |   0.0 |   714
           D:5 |       0 |     872 |   0.0 |       0 |      21 |   0.0 |  1380
           D:6 |       0 |    1458 |   0.0 |       0 |      17 |   0.0 |  1186
           D:7 |       0 |    2913 |   0.0 |       0 |      28 |   0.0 |  1057
           D:8 |       0 |    5154 |   0.0 |       0 |      37 |   0.0 |  1242
           D:9 |       0 |     819 |   0.0 |       0 |       8 |   0.0 |   188
          D:10 |       0 |    5008 |   0.0 |       0 |      35 |   0.0 |  1359
          D:11 |       0 |    2336 |   0.0 |       0 |      27 |   0.0 |   545
          D:12 |       0 |    8417 |   0.0 |       0 |      42 |   0.0 |   714
          D:13 |       0 |    9506 |   0.0 |       0 |      37 |   0.0 |  1048
          D:14 |       0 |   16164 |   0.0 |       0 |      35 |   0.0 |  1230
          D:15 |       0 |   16326 |   0.0 |       0 |      34 |   0.0 |  1303
        Lair:1 |       0 |    1656 |   0.0 |       0 |       7 |   0.0 |   835
        Lair:2 |       0 |    2399 |   0.0 |       0 |      11 |   0.0 |   740
        Lair:3 |       0 |     665 |   0.0 |       0 |       3 |   0.0 |   136
         Orc:1 |       0 |    8633 |   0.0 |       0 |      68 |   0.0 |  1222
         Orc:2 |       0 |   11264 |   0.0 |       0 |      46 |   0.0 |  1644
         Elf:1 |       0 |    4069 |   0.0 |       0 |       7 |   0.0 |   190
       Ossuary |       0 |     832 |   0.0 |       0 |      28 |   0.0 |   773
               +---------+---------+-------+---------+---------+-------+---------
